 Dungeon Crawl Stone Soup version 0.30.1-11-g7821555f0a (webtiles) character file.

Game seed: 785896655437010388

7592 monsoonserge the Stormcaller (level 11, -1/85 HPs)
             Began as a Tengu Air Elementalist on Dec 31, 2023.
             Was a Believer of Vehumet.
             Slain by Snorg (12 damage)
             ... on level 10 of the Dungeon on Jan 1, 2024.
             The game lasted 00:46:19 (11649 turns).

monsoonserge the Stormcaller (TeAE)                Turns: 11649, Time: 00:46:19

Health: -1/85      AC:  8    Str: 10    XL:     11   Next: 17%
Magic:  1/16       EV: 13    Int: 19    God:    Vehumet [**....]
Gold:   841        SH:  8    Dex: 11    Spells: 8/16 levels left

rFire   . . .        y - +2 short sword (venom)
rCold   . . .        S - +0 kite shield
rNeg    . . .        U - +0 steam dragon scales
rPois   .            (helmet restricted)
rElec   .            w - +1 cloak
rCorr   +            (no gloves)
SInv    .            (boots unavailable)
Will    .....        L - amulet of regeneration Stlth
                     n - ring of wizardry
HPRegen 1.14/turn    G - ring of the Raven {Fly rCorr Dex-3 Slay+3 Stlth+}
MPRegen 0.15/turn

%: wizardry (x1)
@: berserking, flying quickly and evasively, very quick
A: beak, talons 3, nimble flight
a: Renounce Religion


You were on level 10 of the Dungeon.
You worshipped Vehumet.
Vehumet was pleased with you.
You visited 2 branches of the dungeon, and saw 11 of its levels.

You collected 841 gold pieces.

Inventory:

Hand Weapons
 v - a +3 quarterstaff of chaos
 y - a +2 short sword of venom (weapon)
 K - a +0 heavy long sword
 M - a +2 falchion of holy wrath
 R - a +5 shortbow
 T - a +2 morningstar of flaming
Missiles
 c - 36 poisoned darts (quivered)
 o - 2 curare-tipped darts
 r - 7 javelins
 Q - 5 boomerangs
Armour
 q - a +1 robe of positive energy
 s - a +0 tower shield
 w - a +1 cloak (worn)
 C - a +1 leather armour of poison resistance
 O - a +1 robe of fire resistance
 S - a +0 kite shield (worn)
 U - +0 steam dragon scales (worn)
Jewellery
 n - a ring of wizardry (left hand)
 G - the ring of the Raven (right hand) {Fly rCorr Dex-3 Slay+3 Stlth+}
   (You found it on level 5 of the Dungeon)

   [ring of resist corrosion]

   Dex:       It affects your dexterity (-3).
   Slay:      It affects your accuracy & damage with ranged weapons and melee
   (+3).
   Fly:       It grants you flight.
   rCorr:     It protects you from acid and corrosion.
   Stlth:     It makes you more stealthy.
 L - an amulet of regeneration (around neck)
Wands
 a - a wand of digging (3)
 z - a wand of flame (76)
 D - a wand of light (6)
 J - a wand of roots (19)
 P - a wand of mindburst (11)
Scrolls
 d - 2 scrolls of enchant armour
 f - a scroll of torment {unknown}
 g - 2 scrolls of immolation
 h - a scroll of silence {unknown}
 i - 2 scrolls of blinking
 k - a scroll of fear {unknown}
 l - a scroll of amnesia {unknown}
 p - 3 scrolls of poison {unknown}
 t - a scroll of fog {unknown}
 u - 3 scrolls of teleportation {unknown}
 B - 3 scrolls of enchant weapon {unknown}
 N - a scroll of acquirement {unknown}
Potions
 b - 3 potions of magic
 e - 4 potions of attraction
 j - a potion of berserk rage
 m - 4 potions of curing
 x - a potion of cancellation {unknown}
 A - a potion of heal wounds {unknown}
 E - 2 potions of lignification {unknown}
 F - 3 potions of flight {unknown}
 H - a potion of might {unknown}
 V - 2 potions of brilliance
Miscellaneous
 I - a phial of floods


   Skills:
 + Level 2.0 Fighting
 - Level 0.4 Short Blades
 + Level 3.7 Staves
 + Level 0.7 Throwing
 - Level 4.4 Armour
 + Level 5.0 Dodging
 - Level 3.0 Stealth
 * Level 3.3 Shields
 - Level 3.0 Spellcasting
 - Level 3.0 Conjurations
 * Level 6.9 Summonings
 + Level 16.5 Air Magic
 * Level 2.1 Evocations


You had 8 spell levels left.
You knew the following spells:

 Your Spells              Type           Power      Damage    Failure   Level
a - Shock                 Conj/Air       100%       1d9       1%          1
b - Airstrike             Air            30%        2d(5-21)  1%          4
c - Call Canine Familiar  Summ           29%        N/A       4%          3

Your spell library contained the following spells:

 Spells                   Type           Power      Damage    Failure   Level
 Poisonous Vapours        Pois/Air       68%        N/A       1%          2
 Summon Small Mammal      Summ           100%       N/A       1%          1
 Static Discharge         Conj/Air       80%        2-6/arc   1%          2
 Swiftness                Air            60%        N/A       1%          3
 Summon Guardian Golem    Hex/Summ       15%        N/A       21%         3
 Beastly Appendage        Tmut           4%         N/A       26%         1
 Freeze                   Ice            8%         1d3       26%         1
 Sandblast                Erth           4%         2d4       26%         1
 Ensorcelled Hibernation  Hex/Ice        4%         N/A       38%         2
 Passwall                 Tmut/Erth      1%         N/A       38%         2
 Wereblood                Tmut           2%         N/A       38%         2
 Hailstorm                Conj/Ice       8%         3d4       38%         3
 Stone Arrow              Conj/Erth      16%        3d8       38%         3
 Frozen Ramparts          Ice            4%         1d1       58%         3
 Spider Form              Tmut/Pois      2%         N/A       58%         3
 Alistair's Intoxication  Tmut/Pois      1%         N/A       99%         5
 Borgnjor's Vile Clutch   Necr/Erth      1%         N/A       99%         5
 Eringya's Noxious Bog    Tmut/Pois      1%         N/A       100%        6


Dungeon Overview and Level Annotations

Branches:
Dungeon (10/15)            Temple (1/1) D:6            Lair (0/5) D:9
    Orc: D:9-12

Altars:
Ashenzari
Cheibriados
Dithmenos
Elyvilon
Fedhas
Gozag
Hepliaklqana
Kikubaaqudgha
Makhleb
Okawaru
Qazlal
Ru
Sif Muna
Trog
Uskayaw
Vehumet
Wu Jian
Xom
Yredelemnul
Zin
The Shining One

Annotations:
D:3 2 transporters
D:10 Snorg


Innate Abilities, Weirdness & Mutations

You have a beak for a mouth.
You have claws for feet.
Your magical nature lets you fly swiftly and evasively.


Message History

You block Snorg's attack. x2; Snorg claws you but does no damage.
Your hound bites Snorg.
Snorg bites your hound. Snorg claws your hound. Snorg barely misses your hound.
You hit Snorg.
Snorg looks as sick as possible!
Snorg is moderately wounded.
Your hound bites Snorg.
Snorg bites your hound! Snorg misses your hound. Snorg claws your hound.
Your hound barely misses Snorg.
Snorg closely misses your hound. Snorg claws your hound!!
Your hound dies!
Your hound's corpse disappears in a puff of smoke!
Snorg shouts!
Casting: Call Canine Familiar (dangerous; 4% risk of failure)
Confirm with . or Enter, or press ? or * to list all spells.
Snorg closely misses you. Snorg claws you!! Snorg claws you but does no damage.
Unknown command.
You swap places.
Snorg bites your hound! Snorg completely misses your hound.
Snorg claws your hound!
Your hound dies!
Your hound's corpse disappears in a puff of smoke!
Press: ? - help, v - describe, . - travel
Here: Snorg (grey smoke, moderately wounded, berserk, extremely poisoned)
The floor, spattered with blood.
Aiming: Bolt of Light
Press: ? - help, Shift-Dir - straight line, f - Snorg
Aim: Snorg (grey smoke, moderately wounded, berserk, extremely poisoned, 71% to hit)
The bolt of light hits Snorg!
Snorg is heavily wounded.
Snorg is blinded.
You block Snorg's attack. Snorg misses you. Snorg claws you!
Snorg closely misses you. Snorg claws you. Snorg closely misses you.
Snorg rages.
You block Snorg's attack. x2; Snorg claws you!!
* * * LOW HITPOINT WARNING * * *
Unknown command.
Okay, then.
A red film seems to cover your vision as you go berserk!
You feel yourself moving faster!
You feel mighty! Snorg barely misses you. Snorg claws you!
* * * LOW HITPOINT WARNING * * *
Snorg claws you!
You die...

#################
#.............@.#
#.#############T#
# #.# #.#
###.####### #.#
.)......... #.#
###.####### #.# #
#.# #...$.... #
#.# ##....... #
#.# .######


You could see Snorg (berserk, blind, very poisoned).

Vanquished Creatures
  Pikel (D:6)
  Maurice (D:8)
  Maggie (D:8)
  A kobold demonologist (D:10)
  A komodo dragon (D:9)
  A hornet (D:8)
  Grinder (D:4)
  Prince Ribbit (D:5)
  3 wyverns
  7 yaks
  Eustachio (D:4)
  A steam dragon (D:9)
  2 water moccasins
  3 orc warriors
  3 sky beasts
  An ogre (D:6)
  An ice beast (D:7)
  3 centaurs
  Blork the orc (D:5)
  4 kobold brigands
  2 bullfrogs
  2 scorpions (D:9)
  11 wights (D:9)
  5 killer bees (D:9)
  4 hounds
  2 jellies
  Crazy Yiuf (D:3)
  6 orc priests
  Jessica (D:3)
  4 iguanas (D:5)
  Ijyb (D:5)
  7 orc wizards
  Natasha (thrice) (D:4)
  6 gnolls
  10 adders
  5 dart slugs
  31 orcs
  7 ball pythons
  6 bats
  13 endoplasms
  2 giant cockroaches (D:1)
  5 goblins
  3 hobgoblins
  9 jackals
  23 kobolds
  9 quokkas
  8 frilled lizards
  7 rats
231 creatures vanquished.

Vanquished Creatures (collateral kills)
  A black bear (D:9)
1 creature vanquished.

Grand Total: 232 creatures vanquished

Notes
Turn   | Place    | Note
-------+----------+-------------------------------------------
     0 | D:1      | monsoonserge the Tengu Air Elementalist began the quest for
                  | the Orb.
     0 | D:1      | Reached XP level 1. HP: 10/10 MP: 4/4
   152 | D:1      | Reached XP level 2. HP: 15/15 MP: 4/6
   460 | D:1      | Reached skill level 5 in Air Magic
   567 | D:1      | Reached XP level 3. HP: 19/19 MP: 4/7
  1420 | D:2      | Reached XP level 4. HP: 23/24 MP: 2/8
  1554 | D:2      | Learned a level 4 spell: Airstrike
  1949 | D:2      | Reached skill level 6 in Air Magic
  2058 | D:2      | Found a glowing golden altar of the Shining One.
  2068 | D:2      | Found a faded altar of an unknown god.
  2595 | D:3      | Gained mutation: Your magical nature lets you fly swiftly
                  | and evasively. [Tengu growth]
  2595 | D:3      | Reached XP level 5. HP: 28/28 MP: 7/9
  2597 | D:3      | Found a transporter.
  2620 | D:3      | Found a transporter.
  2916 | D:3      | Found a runed translucent door.
  2917 | D:3      | Noticed Crazy Yiuf
  3040 | D:3      | Noticed Jessica
  3060 | D:3      | Killed Jessica
  3179 | D:3      | Reached skill level 7 in Air Magic
  3320 | D:3      | Killed Crazy Yiuf
  3427 | D:4      | Reached XP level 6. HP: 32/32 MP: 4/10
  3572 | D:4      | Noticed Natasha
  3574 | D:4      | Killed Natasha
  3575 | D:4      | Reached skill level 8 in Air Magic
  3593 | D:4      | Found a basalt altar of Yredelemnul.
  3672 | D:4      | Noticed Natasha
  3680 | D:4      | Killed Natasha
  3699 | D:4      | Noticed Eustachio
  3702 | D:4      | Killed Eustachio
  3703 | D:4      | Reached skill level 9 in Air Magic
  3703 | D:4      | Reached XP level 7. HP: 37/37 MP: 1/11
  3872 | D:4      | Noticed Natasha
  3877 | D:4      | Killed Natasha
  4269 | D:4      | Noticed Grinder
  4270 | D:4      | Paralysed by Grinder for 5 turns
  4278 | D:4      | Paralysed by Grinder for 5 turns
  4284 | D:4      | Killed Grinder
  4285 | D:4      | Reached skill level 10 in Air Magic
  4285 | D:4      | Reached skill level 1 in Evocations
  4468 | D:5      | Entered Level 5 of the Dungeon
  4535 | D:5      | Noticed Blork the orc
  4538 | D:5      | Killed Blork the orc
  4539 | D:5      | Reached skill level 1 in Staves
  4707 | D:5      | Found a hide-covered altar of Uskayaw.
  4715 | D:5      | Reached XP level 8. HP: 42/42 MP: 6/12
  4855 | D:5      | Reached skill level 11 in Air Magic
  4858 | D:5      | Noticed Prince Ribbit
  4860 | D:5      | Killed Prince Ribbit
  4861 | D:5      | Reached skill level 1 in Fighting
  4861 | D:5      | Reached skill level 1 in Armour
  5111 | D:5      | Identified the ring of the Raven {Fly rCorr Dex-3 Slay+3
                  | Stlth+}
  5163 | D:5      | Found a shimmering blue altar of Sif Muna.
  5164 | D:5      | Noticed Ijyb
  5169 | D:5      | Killed Ijyb
  5677 | D:5      | Reached skill level 12 in Air Magic
  5821 | D:5      | Identified the +0 helmet of the Villain {*Slow rPois Dex+4}
  5889 | D:5      | Found a hazy altar of Hepliaklqana.
  6000 | D:6      | Found a stormy altar of Qazlal.
  6035 | D:6      | Learned a level 3 spell: Call Canine Familiar
  6090 | D:6      | Noticed Pikel
  6093 | D:6      | Killed Pikel
  6094 | D:6      | Reached skill level 13 in Air Magic
  6094 | D:6      | Reached XP level 9. HP: 47/47 MP: 4/14
  6224 | D:6      | Found a bloodstained altar of Trog.
  6340 | D:6      | Found a staircase to the Ecumenical Temple.
  6349 | Temple   | Entered the Ecumenical Temple
  6473 | Temple   | Became a worshipper of Vehumet
  7163 | D:7      | Found a blossoming altar of Fedhas.
  7630 | D:7      | Reached * piety under Vehumet
  7630 | D:7      | Offered knowledge of Kiss of Death by Vehumet.
  8272 | D:8      | Reached skill level 14 in Air Magic
  8327 | D:8      | Noticed Maurice
  8362 | D:8      | Killed Maurice
  8363 | D:8      | Reached XP level 10. HP: 39/52 MP: 1/15
  8497 | D:8      | Found a sacrificial altar of Ru.
  8592 | D:8      | Noticed Maggie
  8993 | D:8      | Found a glowing golden altar of the Shining One.
  9190 | D:9      | Reached skill level 1 in Shields
  9317 | D:8      | Killed Maggie
  9318 | D:8      | Reached skill level 5 in Summonings
  9906 | D:9      | Reached skill level 15 in Air Magic
 10156 | D:9      | Found an opulent altar of Gozag.
 10460 | D:9      | Found a staircase to the Lair.
 10566 | D:9      | Reached ** piety under Vehumet
 10566 | D:9      | Offered knowledge of Poisonous Vapours by Vehumet.
 10934 | D:9      | Reached skill level 16 in Air Magic
 11023 | D:10     | Entered Level 10 of the Dungeon
 11155 | D:10     | Reached XP level 11. HP: 34/57 MP: 16/16
 11432 | D:10     | Found a white marble altar of Elyvilon.
 11483 | D:10     | Found a shimmering altar of Xom.
 11557 | D:10     | Reached skill level 5 in Dodging
 11634 | D:10     | Noticed Snorg
 11649 | D:10     | Slain by Snorg

Illustrated notes

Levels and vault maps discovered:
D:1:      nzn_arrival_settlement, layout_loops_ring
D:2:      layout_basic, basic_altar, shapermc_ecumenical_altar_pompeii,
          minmay_vboxes
D:3:      gammafunk_steamed_eel, layout_rooms, uniq_crazy_yiuf_cottage,
          uniq_jessica
D:4:      layout_basic, mainiacjoe_overflow_concentric_impassable,
          uniq_eustachio, uniq_grinder, uniq_natasha
D:5:      layout_basic, lemuel_round_altar, worldfamousw_hep_ancestral_shrine,
          amcnicky_altar_gilded, uniq_prince_ribbit1, uniq_blork_the_orc,
          uniq_ijyb
D:6:      layout_rooms, trog_book, grunt_qazlal_sundering,
          minmay_temple_entry_trees, uniq_pikel
D:7:      nicolae_cairo_tiling_large_dashed, layout_basic, lemuel_tele_altar,
          nrook_loot_triangle, minivault_27, minmay_gold_behind_fungi
D:8:      layout_basic, lemuel_coloured_pillars_altar, marbit_many_paths,
          uniq_maurice, uniq_maggie
D:9:      layout_roguey, old_standard_altar, due_lair_maze_entry_diamond
D:10:     layout_loops_ring, nemelex_spade_bored_becter, xom_teletrap_fun,
          nicolae_elyvilon_temple_path, uniq_snorg, uniq_nergalle, uniq_amaemon
Temple:   kb_temple_of_zot

Skill      XL: |  1  2  3  4  5  6  7  8  9 10 11 |
---------------+----------------------------------+-----
Air Magic      | 5 6 7 9 10 13 14 16 | 16.5
Conjurations   | 2 3 |  3.0
Dodging        | 3 4 5 |  5.0
Evocations     | 1 2 |  2.1
Staves         | 1 2 3 |  3.7
Fighting       | 1 2 |  2.0
Armour         | 2 4 |  4.4
Spellcasting   | 3 |  3.0
Summonings     | 2 4 6 |  6.9
Stealth        | 3 |  3.0
Shields        | 3 |  3.3
Short Blades   | |  0.4
Throwing       | |  0.7

Action                     |  1- 3 |  4- 6 |  7- 9 | 10-12 || total
---------------------------+-------+-------+-------+-------++-------
  Melee: Short sword       |    10 |     2 |       |    34 ||    46
         Kick              |     4 |     1 |     8 |    11 ||    24
         Peck              |     1 |     1 |     5 |    10 ||    17
         Falchion          |       |     3 |       |       ||     3
         Quarterstaff      |       |     3 |    31 |       ||    34
  Throw: Dart              |       |     1 |     1 |     3 ||     5
   Cast: Shock             |    66 |    87 |   167 |   147 ||   467
         Airstrike         |       |     4 |    29 |    30 ||    63
         Call Canine Famil |       |       |     1 |    11 ||    12
  Evoke: Wand              |       |       |       |     6 ||     6
    Use: Scroll            |       |       |       |     6 ||     6
         Potion            |       |       |       |     2 ||     2
   Stab: Sleeping          |       |       |     2 |       ||     2
 Armour: Robe              |     6 |     2 |       |       ||     8
         Leather armour    |       |       |     9 |     4 ||    13
         Steam dragon scal |       |       |       |    10 ||    10
  Dodge: Dodged            |    12 |    21 |    42 |    55 ||   130
  Block: Kite shield       |       |       |       |    50 ||    50
